[Event "Titled Tuesday Blitz February 28 Late 2023"]
[White "Miszler, Levente"]
[Black "EREBUNI91"]
[WhiteFideId "763276"]
[WhiteElo "2176"]
[BlackElo "2713"]
[Result "0-1"]
[Round "01"]
[TimeControl "180+2"]
[Date "2023.02.28"]
[WhiteClock "0:02:01"]
[BlackClock "0:02:03"]

1. Nf3 Nf6 2. c4 e6 3. g3 d5 4. Bg2 Be7 5. O-O O-O 6. b3 b6 7. Bb2 Bb7 8. Ne5 Nbd7 9. Qc2 c5 10. e3 Rc8 11. d4 Qc7 12. Nd2 Rfd8 13. Rac1 dxc4 14. Ndxc4 Bxg2 15. Kxg2 cxd4 16. Bxd4 b5 17. Nxd7 Qxd7 18. Bxf6 Bxf6 19. Rfd1 Qb7+ 20. Kg1 Rxd1+ 21. Rxd1 bxc4 22. bxc4 h5 23. c5 Qc6 24. Qc4 Qxc5 25. Qa6 h4 0-1


[Site "https://www.chess.com"]

[Event "Titled Tuesday Blitz February 28 Late 2023"]
[White "Salimova, Nurgyul"]
[Black "Pein, Jonathan"]
[WhiteFideId "2915138"]
[BlackFideId "417092"]
[WhiteElo "2314"]
[BlackElo "2151"]
[Result "1-0"]
[Round "01"]
[TimeControl "180+2"]
[Date "2023.02.28"]
[WhiteClock "0:00:23"]
[BlackClock "0:00:39"]

1. d4 d6 2. Nf3 Nf6 3. g3 g6 4. Bg2 Bg7 5. O-O O-O 6. c4 c6 7. Nc3 Qa5 8. e4 Bg4 9. h3 Bxf3 10. Bxf3 Nfd7 11. Bg2 a6 12. Be3 c5 13. Nd5 Nc6 14. dxc5 Nxc5 15. b4 Nxb4 16. Bd2 Ncd3 17. Rb1 Qxa2 18. Bxb4 Nxb4 19. Nxe7+ Kh8 20. Rxb4 a5 21. Ra4 Qb2 22. Qxd6 Rfe8 23. Nd5 Rad8 24. Qa3 Qe2 25. Qe3 Qc2 26. Rxa5 Qxc4 27. Qb6 f5 28. exf5 gxf5 29. Qxb7 Re5 30. Ra7 Rg8 31. Ne7 Rxe7 32. Qxe7 f4 33. Qf7 Qxf7 34. Rxf7 fxg3 35. fxg3 1-0


[Site "https://www.chess.com"]

[Event "Titled Tuesday Blitz February 28 Late 2023"]
[White "Albertini, Luca"]
[Black "Sai Krishna G V"]
[WhiteFideId "847038"]
[BlackFideId "5028280"]
[WhiteElo "2197"]
[BlackElo "2359"]
[Result "0-1"]
[Round "01"]
[TimeControl "180+2"]
[Date "2023.02.28"]
[WhiteClock "0:00:06"]
[BlackClock "0:01:14"]

1. d4 d5 2. c4 e6 3. cxd5 exd5 4. Nc3 Nf6 5. Bg5 Be7 6. e3 O-O 7. Bd3 Nbd7 8. Nge2 Re8 9. O-O Nf8 10. Rc1 c6 11. Bxf6 Bxf6 12. b4 b5 13. Nb1 Bd7 14. Nd2 a5 15. a3 axb4 16. axb4 Be7 17. Rb1 Ra4 18. Qc2 Bxb4 19. Nb3 Ra3 20. Rfd1 Qh4 21. Nc5 Bxc5 22. Qxc5 Rea8 23. Ng3 Ne6 24. Qd6 Qd8 25. Nf5 Be8 26. Qg3 Ra2 27. Qh3 Qf6 28. Rf1 R8a3 29. Rbd1 Ng5 30. Qg4 g6 31. Nd6 Qxd6 32. Qxg5 Kg7 33. Bb1 Ra1 34. h4 Qf6 35. Qg3 h5 36. Kh2 b4 37. Rc1 b3 38. Bd3 b2 39. Rb1 Rxd3 40. Rxa1 bxa1=Q 41. Rxa1 Rd2 42. Ra8 Bd7 43. Qb8 Qxh4+ 44. Kg1 Rd1# 0-1


[Site "https://www.chess.com"]

[Event "Titled Tuesday Blitz February 28 Late 2023"]
[White "Tan, Zhongyi"]
[Black "Pino Perez, Lazaro"]
[WhiteFideId "8603642"]
[BlackFideId "3517055"]
[WhiteElo "2519"]
[BlackElo "2170"]
[Result "1-0"]
[Round "01"]
[TimeControl "180+2"]
[Date "2023.02.28"]
[WhiteClock "0:01:34"]
[BlackClock "0:00:19"]

1. d4 d5 2. c4 e6 3. Nc3 Be7 4. Nf3 Nf6 5. Bf4 O-O 6. e3 Nbd7 7. c5 c6 8. Bd3 b6 9. b4 a5 10. a3 Ba6 11. O-O Qc8 12. h3 h6 13. Qc2 Qb7 14. Rfb1 Bxd3 15. Qxd3 axb4 16. axb4 b5 17. Nd2 Rxa1 18. Rxa1 Ra8 19. Qb1 Ra6 20. Nb3 Bd8 21. Ra2 Qa8 22. Qa1 Rxa2 23. Qxa2 Qxa2 24. Nxa2 Ne8 25. Na5 Bxa5 26. bxa5 e5 27. Bxe5 Nxe5 28. dxe5 Nc7 29. Nb4 1-0


[Site "https://www.chess.com"]

[Event "Titled Tuesday Blitz February 28 Late 2023"]
[White "Aguilar, Juan"]
[Black "Erdogdu, Mert"]
[WhiteFideId "3800091"]
[BlackFideId "6301495"]
[WhiteElo "2395"]
[BlackElo "2407"]
[Result "1/2-1/2"]
[Round "01"]
[TimeControl "180+2"]
[Date "2023.02.28"]
[WhiteClock "0:00:16"]
[BlackClock "0:00:29"]

1. Nf3 d5 2. g3 c5 3. Bg2 e6 4. O-O Nf6 5. d3 Be7 6. Nbd2 Nc6 7. e4 O-O 8. Re1 b5 9. a4 b4 10. b3 Qc7 11. Bb2 Ba6 12. exd5 exd5 13. Ne5 Rfe8 14. Ndf3 Rad8 15. Nxc6 Qxc6 16. Ne5 Qc7 17. Qf3 Bc8 18. h3 h5 19. g4 Bd6 20. g5 Bxe5 21. Bxe5 Rxe5 22. gxf6 Rde8 23. Rxe5 Qxe5 24. Rd1 Qxf6 25. Qxf6 gxf6 26. Bxd5 Re2 27. Kg2 Rxc2 28. Re1 Kf8 29. Re4 Rc3 30. Rh4 Rxd3 31. Bc4 Rc3 32. Rxh5 Bd7 33. Rxc5 Bxh3+ 34. Kh2 Be6 35. Rc7 Bxc4 36. bxc4 a6 37. Ra7 Rxc4 38. Rxa6 Rc2 39. Kg2 Ra2 40. a5 b3 41. Rb6 b2 42. a6 Ke7 43. a7 f5 44. Rxb2 Rxa7 45. Re2+ Kf6 46. Rb2 Kg5 47. Kf3 Ra3+ 48. Kg2 f4 49. Rb8 f3+ 50. Kg3 f6 51. Rg8+ Kf5 52. Rb8 Ra5 53. Rb3 Kg5 54. Rxf3 f5 55. Rc3 Rd5 56. Kf3 Re5 57. Re3 Ra5 58. Rd3 Ra4 59. Rc3 Ra5 60. Kg2 f4 61. Rc8 Kg4 62. Rg8+ Rg5 63. Rxg5+ Kxg5 64. Kf3 Kf5 65. Ke2 Ke4 66. f3+ Kd4 67. Kd2 Kc4 68. Kc2 Kd4 69. Kd2 Kd5 70. Kd3 Ke5 71. Kc4 Ke6 72. Kd4 Kf5 73. Kd5 Kf6 74. Ke4 Ke6 75. Kxf4 Kf6 76. Ke4 Ke6 77. f4 Kf6 78. f5 Kf7 79. Kf4 Kf6 80. Ke4 Kf7 81. Ke5 Ke7 82. f6+ Kf7 83. Kf5 Kf8 84. Ke6 Ke8 85. f7+ Kf8 86. Kf6 1/2-1/2


[Site "https://www.chess.com"]

[Event "Titled Tuesday Blitz February 28 Late 2023"]
[White "Preotu, Razvan"]
[Black "Peatman, Carter"]
[WhiteFideId "2613280"]
[BlackFideId "2096480"]
[WhiteElo "2407"]
[BlackElo "2003"]
[Result "0-1"]
[Round "01"]
[TimeControl "180+2"]
[Date "2023.02.28"]
[WhiteClock "0:00:20"]
[BlackClock "0:00:10"]

1. e4 e5 2. Nf3 Nf6 3. Nxe5 d6 4. Nf3 Nxe4 5. d4 d5 6. Bd3 Nd6 7. O-O Be7 8. Re1 O-O 9. Nbd2 Bf5 10. Nf1 Nd7 11. Ng3 Bxd3 12. Qxd3 Nf6 13. Ne5 Re8 14. Bg5 Nfe4 15. Bxe7 Rxe7 16. f3 Nxg3 17. hxg3 c6 18. Kf2 Qc8 19. Re2 Re6 20. Rae1 Qc7 21. Ng4 Rae8 22. Rxe6 Rxe6 23. Rxe6 fxe6 24. Ne5 Qe7 25. b3 Qf6 26. c4 Nf5 27. cxd5 exd5 28. Qd2 Nd6 29. g4 Ne4+ 0-1


[Site "https://www.chess.com"]

[Event "Titled Tuesday Blitz February 28 Late 2023"]
[White "Zeman, Matyas"]
[Black "Siddharth, Jagadeesh"]
[WhiteFideId "364398"]
[BlackFideId "5818320"]
[WhiteElo "2254"]
[BlackElo "2303"]
[Result "0-1"]
[Round "01"]
[TimeControl "180+2"]
[Date "2023.02.28"]
[WhiteClock "0:00:43"]
[BlackClock "0:01:00"]

1. d4 Nf6 2. Nf3 d6 3. Nbd2 Bf5 4. e3 g6 5. Bd3 Bxd3 6. cxd3 Bg7 7. Qb3 O-O 8. O-O b6 9. a4 Nc6 10. Nc4 e6 11. Bd2 a5 12. Rfc1 Ne7 13. Rc2 Qd7 14. Rac1 Rfc8 15. Na3 Ne8 16. Nb5 c6 17. Na3 Rab8 18. Nc4 Qd8 19. Qa3 Bf8 20. h4 Nd5 21. h5 gxh5 22. e4 Nb4 23. Bxb4 axb4 24. Qb3 b5 25. Ne3 bxa4 26. Qxa4 c5 27. d5 Bh6 28. Nc4 Bxc1 29. Rxc1 exd5 30. exd5 Nf6 31. Ng5 Ng4 32. Nf3 Qf6 33. Re1 h4 34. Qd7 Ne5 35. Nfxe5 dxe5 36. Rxe5 Kh8 37. d6 Rg8 38. Qh3 Ra8 39. Re4 Ra1+ 40. Kh2 Qxf2 41. Qxh4 Qxg2# 0-1


[Site "https://www.chess.com"]

[Event "Titled Tuesday Blitz February 28 Late 2023"]
[White "Fus, Jakub"]
[Black "Kovalevsky, Stanislav"]
[WhiteFideId "1193023"]
[BlackFideId "13508598"]
[WhiteElo "2335"]
[BlackElo "2220"]
[Result "1-0"]
[Round "01"]
[TimeControl "180+2"]
[Date "2023.02.28"]
[WhiteClock "0:00:13"]
[BlackClock "0:00:09"]

1. e4 e6 2. d3 d5 3. Nd2 b6 4. Ngf3 Bb7 5. g3 f5 6. exf5 exf5 7. d4 Nf6 8. Bg2 Qe7+ 9. Ne5 Nbd7 10. O-O Nxe5 11. dxe5 Qxe5 12. Re1 Ne4 13. Nf3 Qd6 14. Nd4 O-O-O 15. Nxf5 Qf6 16. Qg4 Kb8 17. Bxe4 dxe4 18. Bg5 Qg6 19. Nh4 Qe8 20. Bxd8 Qxd8 21. Rad1 Bd6 22. Nf5 Qf6 23. Qxg7 Qxg7 24. Nxg7 Be5 25. Ne6 Bxb2 26. Ng5 Re8 27. Nxh7 c5 28. Ng5 Bc3 29. Re2 Kc7 30. Kg2 Bd4 31. h4 Bd5 32. Rde1 e3+ 33. f3 Bxa2 34. c3 Bc4 35. cxd4 Bxe2 36. Rxe2 cxd4 37. Rc2+ Kd6 38. Ne4+ Rxe4 39. fxe4 d3 40. Rc3 d2 41. Rd3+ Ke5 42. Kf1 Kxe4 43. Ke2 b5 44. Rxe3+ Kd4 45. Kxd2 a5 46. h5 b4 47. h6 a4 48. h7 b3 49. h8=Q+ Kc4 50. Qc3+ Kb5 51. Re5+ Kb6 52. Qc5+ Kb7 53. Re7+ Ka8 54. Qc8# 1-0


[Site "https://www.chess.com"]

[Event "Titled Tuesday Blitz February 28 Late 2023"]
[White "Semenenko, Dmytry"]
[Black "Wieczorek, Oskar"]
[WhiteFideId "14118645"]
[BlackFideId "1133950"]
[WhiteElo "2113"]
[BlackElo "2418"]
[Result "0-1"]
[Round "01"]
[TimeControl "180+2"]
[Date "2023.02.28"]
[WhiteClock "0:00:34"]
[BlackClock "0:00:16"]

1. Nf3 Nf6 2. c4 g6 3. d4 Bg7 4. Nc3 O-O 5. e3 c5 6. Be2 cxd4 7. exd4 d5 8. c5 Nc6 9. O-O b6 10. cxb6 Qxb6 11. Na4 Qd8 12. Bf4 Ne4 13. Rc1 Bb7 14. Bb5 Rc8 15. Nc5 Nxc5 16. Rxc5 Nxd4 17. Rxc8 Nxf3+ 18. Qxf3 Qxc8 19. Rc1 Qd8 20. Bc7 Qc8 21. Qe3 d4 22. Qxe7 Qg4 23. Bg3 Bd5 24. Be2 Qf5 25. h3 d3 26. Bg4 d2 27. Rd1 Qc2 28. Qe2 Bh6 29. f4 Qxb2 30. Qxd2 Qxd2 31. Rxd2 Bc4 32. Rc2 Bd5 33. Rd2 Be4 34. Rd7 Bg7 35. Bf2 Ra8 36. Rxa7 Rb8 37. Re7 f5 38. Be2 Bf6 39. Re6 Kg7 40. Bc4 Rb1+ 41. Kh2 Rb2 42. Kg3 Bh4+ 43. Kxh4 Rxf2 44. g4 Rxf4 45. Re7+ Kf6 46. Re6+ Kg7 47. Re7+ Kh6 48. Kg3 g5 49. Re6+ Kg7 50. Re7+ Kf6 51. Re6+ Kg7 52. Re7+ Kf8 53. Rf7+ Ke8 54. gxf5 Bxf5 55. Rg7 Rxc4 56. Rxg5 Bg6 57. Re5+ Kf7 58. Rb5 Ra4 59. Rb2 Ra3+ 60. Kg2 Kf6 61. Kh2 Bf7 62. Rf2+ Kg7 63. Rg2+ Kh6 64. Rd2 Rxa2 65. Rxa2 Bxa2 66. Kg3 Kg5 67. h4+ Kh5 68. Kh3 Be6+ 69. Kg3 Bc8 70. Kh2 Kxh4 71. Kg2 Kg4 72. Kh2 h5 73. Kg2 h4 0-1


[Site "https://www.chess.com"]

[Event "Titled Tuesday Blitz February 28 Late 2023"]
[White "Jaracz, Pawel"]
[Black "Bouget, Alexandre"]
[WhiteFideId "1102222"]
[BlackFideId "681318"]
[WhiteElo "2438"]
[BlackElo "2177"]
[Result "1-0"]
[Round "01"]
[TimeControl "180+2"]
[Date "2023.02.28"]
[WhiteClock "0:01:13"]
[BlackClock "0:00:48"]

1. d4 Nf6 2. c4 g6 3. h4 h5 4. Nc3 d5 5. Nf3 Bg7 6. Ng5 c5 7. cxd5 Nxd5 8. Qb3 Nxc3 9. Qxf7+ Kd7 10. Qe6+ Ke8 11. Qxg6+ Kd7 12. Qxg7 Nd5 13. e4 Nf6 14. e5 Rg8 15. Qf7 Rf8 16. Qb3 Ne8 17. Ne6 Qa5+ 18. Bd2 1-0


[Site "https://www.chess.com"]

[Event "Titled Tuesday Blitz February 28 Late 2023"]
[White "Rangel, Daniel"]
[Black "Adewumi, Tanitoluwa"]
[WhiteFideId "2124475"]
[BlackFideId "30966396"]
[WhiteElo "2256"]
[BlackElo "2673"]
[Result "0-1"]
[Round "01"]
[TimeControl "180+2"]
[Date "2023.02.28"]
[WhiteClock "0:00:10"]
[BlackClock "0:00:05"]

1. c4 e5 2. g3 Nc6 3. Bg2 g6 4. Nc3 d6 5. e3 Bg7 6. Nge2 Nf6 7. O-O O-O 8. b3 Be6 9. Nd5 Qd7 10. Bb2 Bh3 11. Nec3 Bxg2 12. Kxg2 Ne7 13. Nxf6+ Bxf6 14. Qc2 c6 15. f4 exf4 16. Rxf4 Be5 17. Ne4 Kg7 18. Raf1 f5 19. Ng5 h6 20. Nf3 Bxb2 21. Qxb2+ Kh7 22. Nd4 a6 23. e4 c5 24. Ne2 g5 25. R4f2 f4 26. gxf4 Qg4+ 27. Kh1 Ng6 28. f5 Qxe4+ 29. Kg1 Ne5 30. Ng3 Qg4 31. Qc2 Rf7 32. f6+ Kh8 33. Kh1 Raf8 34. Qe4 Qxe4+ 35. Nxe4 Rd7 36. Rd1 Nd3 37. Rf3 Nf4 38. d4 cxd4 39. Rxd4 Kh7 40. Rxd6 Rxd6 41. Nxd6 Rxf6 42. Nxb7 Re6 43. Kg1 Re1+ 44. Kf2 Re2+ 45. Kg3 Rg2# 0-1


[Site "https://www.chess.com"]

[Event "Titled Tuesday Blitz February 28 Late 2023"]
[White "Papasimakopoulos, Alexandros"]
[Black "Sarkar, Justin"]
[WhiteFideId "4244125"]
[BlackFideId "2010011"]
[WhiteElo "2359"]
[BlackElo "2189"]
[Result "1/2-1/2"]
[Round "01"]
[TimeControl "180+2"]
[Date "2023.02.28"]
[WhiteClock "0:00:04"]
[BlackClock "0:00:02"]

1. d4 d5 2. c4 e6 3. Nc3 c5 4. cxd5 cxd4 5. Qa4+ Bd7 6. Qxd4 exd5 7. Qxd5 Nf6 8. Qd1 Bc5 9. Nf3 O-O 10. e3 Nc6 11. Be2 Qe7 12. O-O Rfd8 13. Nd5 Nxd5 14. Qxd5 Rac8 15. Qg5 Qxg5 16. Nxg5 Bf5 17. a3 a5 18. Bf3 b6 19. b4 axb4 20. axb4 Nxb4 21. Bb2 Nd3 22. Ba3 h6 23. Ne4 Bxa3 24. Rxa3 Ne5 25. Rb3 Nxf3+ 26. gxf3 Bh3 27. Rfb1 Rc6 28. Rc3 Rxc3 29. Nxc3 Rd6 30. Kh1 Rg6 31. Rg1 Rxg1+ 32. Kxg1 Be6 33. f4 Bc4 34. f3 b5 35. Kf2 b4 36. Na4 Kf8 37. e4 Ke7 38. Ke3 g6 39. Kd4 Bb3 40. Nb6 Bd1 41. Nd5+ Kd6 42. Nxb4 Bxf3 43. Ke3 Bg2 44. Nc2 f6 45. Ne1 Bf1 46. Kd4 Ba6 47. Nf3 Bb7 48. Nh4 g5 49. Nf5+ Ke6 50. Nxh6 gxf4 51. Nf5 f3 52. Ke3 Ke5 53. Ng3 f2 54. Kxf2 Bxe4 55. Ke3 Bc2 56. Ne2 f5 57. h3 Bb1 58. Nf4 Bc2 59. h4 Bb1 60. Ng6+ Kf6 61. Nf4 Bc2 62. Kd4 Be4 63. Ne2 Bb1 64. Ke3 Bc2 65. Kf4 Bd3 66. Nd4 Bb1 67. Nc6 Bc2 68. Nb4 Bb1 69. Nd5+ Kg6 70. Nc3 Kh5 71. Kg3 f4+ 72. Kxf4 Kxh4 1/2-1/2


[Site "https://www.chess.com"]

[Event "Titled Tuesday Blitz February 28 Late 2023"]
[White "Carrasco Miranda, Andres"]
[Black "Matinian, Nikita"]
[WhiteFideId "3405990"]
[BlackFideId "24129100"]
[WhiteElo "2183"]
[BlackElo "2422"]
[Result "0-1"]
[Round "01"]
[TimeControl "180+2"]
[Date "2023.02.28"]
[WhiteClock "0:00:12"]
[BlackClock "0:00:40"]

1. d4 Nf6 2. c4 g6 3. g3 Bg7 4. Bg2 O-O 5. Nc3 d6 6. Nf3 c6 7. O-O Bf5 8. Ne1 Qc8 9. e4 Bh3 10. Bxh3 Qxh3 11. f3 Nbd7 12. Nd3 Nb6 13. b3 Rad8 14. Be3 e5 15. d5 c5 16. a4 Nc8 17. a5 Nh5 18. g4 Nf4 19. Bxf4 exf4 20. Nxf4 Qh6 21. Nfe2 f5 22. exf5 Bxc3 23. Nxc3 Qe3+ 24. Kh1 Qxc3 25. fxg6 hxg6 26. a6 b6 27. Rc1 Qe3 28. Qc2 Kg7 29. Rce1 Qg5 30. Re6 Rde8 31. Qc3+ Kh7 32. Rfe1 Rxe6 33. Rxe6 Qf4 34. Kg2 Qf7 35. Qe3 Qg7 36. h4 Qd4 37. Qxd4 cxd4 38. Re4 d3 39. Rd4 b5 40. Rxd3 bxc4 41. bxc4 Nb6 42. Re3 Rf7 43. c5 Nxd5 44. Re6 Nf4+ 0-1


[Site "https://www.chess.com"]

[Event "Titled Tuesday Blitz February 28 Late 2023"]
[White "Lewtak, Damian"]
[Black "Mahitosh, Dey"]
[WhiteFideId "1141724"]
[BlackFideId "25091468"]
[WhiteElo "2302"]
[BlackElo "2034"]
[Result "1-0"]
[Round "01"]
[TimeControl "180+2"]
[Date "2023.02.28"]
[WhiteClock "0:00:58"]
[BlackClock "0:02:06"]

1. e4 e5 2. Nf3 Nf6 3. Nxe5 d6 4. Nf3 Nxe4 5. c3 d5 6. d4 Bd6 7. Bd3 O-O 8. Nbd2 Nxd2 9. Bxd2 Re8+ 10. Be3 Bf4 11. O-O Bxe3 12. fxe3 Rxe3 13. Ne5 f6 14. Qh5 h6 15. Qg6 Rxd3 16. Nxd3 Be6 17. Rae1 Bf7 18. Qg3 Nd7 19. Nf4 Nf8 20. Re3 Qd7 21. Rfe1 Qd8 22. Qg4 g5 23. Nd3 Ng6 24. Nc5 b6 25. Ne6 Qd6 26. Qf5 Qe7 27. Nxg5 Qd8 28. Nxf7 Kxf7 29. Rg3 Qg8 1-0


[Site "https://www.chess.com"]

[Event "Titled Tuesday Blitz February 28 Late 2023"]
[White "Guzman Moneo, Alberto"]
[Black "Caspi, Israel"]
[WhiteFideId "2209616"]
[BlackFideId "2807394"]
[WhiteElo "2157"]
[BlackElo "2419"]
[Result "0-1"]
[Round "01"]
[TimeControl "180+2"]
[Date "2023.02.28"]
[WhiteClock "0:00:34"]
[BlackClock "0:00:41"]

1. e4 d5 2. exd5 Qxd5 3. Nc3 Qd6 4. d4 Nf6 5. Nf3 a6 6. Be3 Nc6 7. Bd3 Bg4 8. h3 Bh5 9. g4 Bg6 10. Bxg6 hxg6 11. g5 Nd5 12. Ne4 Qb4+ 13. c3 Nxe3 14. fxe3 Qxb2 15. Rb1 Qxa2 16. Rxb7 O-O-O 17. Rh2 Qd5 18. Qb1 e5 19. c4 Qa5+ 20. Kf1 exd4 21. Nxd4 Nxd4 22. Rb8+ Kd7 23. Rxd8+ Kxd8 24. exd4 Bb4 25. Rb2 Qf5+ 26. Nf2 a5 27. Rxb4 axb4 28. Qxb4 Rxh3 29. Qb8+ Kd7 30. c5 Rh1+ 31. Kg2 Rb1 32. Qf8 Qxg5+ 33. Kf3 Qd5+ 34. Ne4 Rb3+ 35. Kf4 Qf5# 0-1


[Site "https://www.chess.com"]

[Event "Titled Tuesday Blitz February 28 Late 2023"]
[White "Skvortsov, Andrei"]
[Black "Yano, William Jorge Froes"]
[WhiteFideId "24108600"]
[BlackFideId "2112949"]
[WhiteElo "2259"]
[BlackElo "2122"]
[Result "1-0"]
[Round "01"]
[TimeControl "180+2"]
[Date "2023.02.28"]
[WhiteClock "0:00:17"]
[BlackClock "0:00:35"]

1. e4 e6 2. d4 d5 3. exd5 exd5 4. Nf3 Nc6 5. Nc3 Bb4 6. a3 Bf8 7. h3 Be6 8. Bf4 Bd6 9. Qd2 Nge7 10. O-O-O O-O 11. g4 a6 12. Ng5 Bc8 13. Bxd6 Qxd6 14. f4 b5 15. Nf3 b4 16. axb4 Qxb4 17. Ne5 Rb8 18. b3 Qa3+ 19. Kb1 Na5 20. Qc1 Qb4 21. Qb2 c5 22. dxc5 Qxf4 23. Nd3 Qc7 24. Bg2 Be6 25. Rhe1 Rfc8 26. Na4 Qc6 27. Nb6 Rc7 28. c4 h6 29. b4 Rxb6 30. cxb6 Nxc4 31. Ne5 Qxb6 32. Qb3 Nc6 33. Nxc4 dxc4 34. Qb2 Nxb4 35. Rd8+ Kh7 36. Be4+ g6 37. Qh8# 1-0


[Site "https://www.chess.com"]

[Event "Titled Tuesday Blitz February 28 Late 2023"]
[White "Gerbelli Neto, Eduardo"]
[Black "Averjanov, Alexey"]
[WhiteFideId "2103281"]
[BlackFideId "14109867"]
[WhiteElo "2178"]
[BlackElo "2655"]
[Result "0-1"]
[Round "01"]
[TimeControl "180+2"]
[Date "2023.02.28"]
[WhiteClock "0:00:01"]
[BlackClock "0:00:04"]

1. e4 c6 2. d4 d5 3. exd5 cxd5 4. c4 Nf6 5. Nc3 e6 6. Nf3 Be7 7. cxd5 Nxd5 8. Bd3 Nc6 9. O-O O-O 10. Re1 Bf6 11. a3 g6 12. Bh6 Bg7 13. Bg5 Bf6 14. h4 Nce7 15. Be4 Nxc3 16. bxc3 Nf5 17. g3 h6 18. Bf4 Bg7 19. Rb1 Nd6 20. Bxd6 Qxd6 21. a4 Rb8 22. Qc2 b6 23. h5 g5 24. Ne5 Bb7 25. Bxb7 Rxb7 26. Qe4 Rc7 27. Re3 Rfc8 28. Rb3 Bxe5 29. Qxe5 Qxe5 30. dxe5 Rc4 31. a5 bxa5 32. Rb7 R8c7 33. Rb5 a4 34. Ra5 Rxc3 35. Rxc3 Rxc3 36. Rxa4 Rc5 37. Rxa7 Rxe5 38. Kg2 g4 39. Ra4 Rg5 40. Rf4 f5 41. Ra4 Rxh5 42. Ra7 Rg5 43. Re7 Rg6 44. f4 gxf3+ 45. Kxf3 Kf8 46. Rh7 e5 47. Ra7 Rb6 48. Ra5 Re6 49. Ra7 Re7 50. Ra6 Kg7 51. Ra5 Kf6 52. Ra6+ Re6 53. Ra8 Rb6 54. Rf8+ Kg6 55. Rg8+ Kh5 56. Rf8 Rb3+ 57. Kg2 Kg6 58. Rg8+ Kf7 59. Rh8 Kg7 60. Re8 e4 61. Re6 Rb2+ 62. Kf1 Rh2 63. Kg1 Rh5 64. Kg2 Rg5 65. Kf2 Rg6 66. Re5 Kf6 67. Re8 Kg5 68. Ke3 Kg4 69. Rf8 h5 70. Kf2 Rg5 71. Rh8 f4 72. gxf4 Kxf4 73. Rf8+ Kg4 74. Ke2 Re5 75. Ke3 Re7 76. Rg8+ Kh3 77. Rg1 h4 78. Rg5 Kh2 79. Rh5 h3 80. Rh4 Rg7 81. Kxe4 Kg3 82. Rh8 h2 83. Ke3 Kg2 0-1


[Site "https://www.chess.com"]

[Event "Titled Tuesday Blitz February 28 Late 2023"]
[White "Al-Tarboush, Ward"]
[Black "Estrada Nieto, Julian"]
[WhiteFideId "7601450"]
[BlackFideId "5101018"]
[WhiteElo "2267"]
[BlackElo "2176"]
[Result "1-0"]
[Round "01"]
[TimeControl "180+2"]
[Date "2023.02.28"]
[WhiteClock "0:00:05"]
[BlackClock "0:00:03"]

1. e4 e5 2. Nf3 Nc6 3. Bb5 a6 4. Ba4 Nf6 5. O-O Be7 6. d3 b5 7. Bb3 d6 8. a4 b4 9. a5 O-O 10. Nbd2 Be6 11. Bxe6 fxe6 12. Nc4 Rb8 13. b3 Rb5 14. Bd2 Nd7 15. Qe2 Bf6 16. Qe1 Be7 17. h3 Rxf3 18. gxf3 Nd4 19. Qd1 Bg5 20. Kg2 Bf4 21. Rh1 Qg5+ 22. Kf1 Rb8 23. Ne3 Rf8 24. Rg1 Qh5 25. Rh1 Nxf3 26. Nc4 d5 27. Bxf4 Rxf4 28. Nd2 Nxd2+ 29. Qxd2 Qf3 30. Rh2 Nc5 31. Qe2 Qg3 32. Rh1 dxe4 33. Ke1 Qg2 34. Kd2 Rxf2 35. Rhe1 exd3 36. cxd3 Rxe2+ 37. Rxe2 Qg5+ 38. Kc2 Qf5 39. Rd1 e4 40. dxe4 Nxe4 41. Rd8+ Kf7 42. Re3 Nd6+ 43. Kd2 Qf2+ 44. Re2 Qf4+ 45. Ke1 Qc1+ 46. Kf2 Qc5+ 47. Kf1 Qf5+ 48. Rf2 Ke7 49. Rxf5 exf5 50. Ra8 c5 51. Rxa6 c4 52. Ra7+ Ke6 53. bxc4 Nxc4 54. a6 b3 55. Rb7 b2 56. a7 Nd2+ 57. Ke2 b1=Q 58. Rxb1 Nxb1 59. a8=Q Nc3+ 60. Kd3 Nd5 61. Qc6+ Ke5 62. Qc5 Ke6 63. Qd4 Nf6 64. Qe3+ Ne4 65. Kd4 h6 66. Qb3+ Kf6 67. Qb6+ Kg5 68. Ke5 g6 69. Qg1+ Kh5 70. Kf4 Ng5 71. Qd1+ Kh4 72. Qe1+ Kh5 73. h4 Ne4 74. Qe2+ Kxh4 75. Qh2# 1-0


[Site "https://www.chess.com"]

[Event "Titled Tuesday Blitz February 28 Late 2023"]
[White "Kovacs, Klara"]
[Black "Barbosa, Evandro Amorim"]
[WhiteFideId "733210"]
[BlackFideId "2115824"]
[WhiteElo "2179"]
[BlackElo "2439"]
[Result "0-1"]
[Round "01"]
[TimeControl "180+2"]
[Date "2023.02.28"]
[WhiteClock "0:00:13"]
[BlackClock "0:00:12"]

1. d4 Nf6 2. Nc3 e6 3. e4 d5 4. e5 Nfd7 5. f4 c5 6. Nf3 Nc6 7. Be3 Qb6 8. dxc5 Qxb2 9. Na4 Qb4+ 10. c3 Qa5 11. Rb1 a6 12. Be2 Nxc5 13. Nb6 Rb8 14. O-O Qxc3 15. Bd2 Qa3 16. Bc1 Qxa2 17. Rb2 Qa5 18. Bd2 Qa3 19. Qc2 Ne4 20. Nxc8 Rxc8 21. Rxb7 Qc5+ 22. Qxc5 Bxc5+ 23. Kh1 Nf2+ 24. Rxf2 Bxf2 25. Bxa6 O-O 26. g3 Nd4 27. Ng5 Rc2 28. Bb4 Ra8 29. Bd3 Rb2 30. Bxh7+ Kh8 31. Bd3 Ra1+ 32. Kg2 Be1+ 33. Kh3 Rxb4 34. Rxf7 Ra8 35. Re7 Rb3 36. Bg6 Rf8 37. Nf7+ Kg8 38. Ng5 Bb4 39. Bh7+ Kh8 40. Rb7 Bc5 41. Rc7 Bb6 42. Rd7 Rb2 43. Bg6 Kg8 44. Bh7+ Kh8 45. Bg6 Bc5 46. Rc7 Rb5 47. Nf7+ Kg8 48. Ng5 Ra5 49. Bh7+ Kh8 50. Bg6 Bb6 51. Rb7 Bd8 52. Nf7+ Kg8 53. Nd6 Rc5 54. Kg4 Nc6 55. h4 Ne7 56. Bh5 Nf5 57. Bg6 Rc3 58. Nxf5 exf5+ 59. Bxf5 d4 60. Be6+ Kh8 61. h5 d3 62. Rd7 Ba5 63. Bf5 d2 64. Rxd2 Rxg3+ 65. Kxg3 Bxd2 66. Kg4 Be1 67. e6 Bb4 68. Kg5 Be7+ 69. Kg6 Rf6+ 70. Kg5 Rxe6+ 71. Kg4 Rf6 72. Bg6 Bd6 73. f5 Kg8 74. Kf3 Rf8 75. Ke4 Be7 76. Kd5 Bf6 77. Ke6 Ra8 78. h6 Ra6+ 79. Kd7 gxh6 0-1


[Site "https://www.chess.com"]

[Event "Titled Tuesday Blitz February 28 Late 2023"]
[White "Do Valle Cardoso, Lucas"]
[Black "Figorito, Nick"]
[WhiteFideId "2163144"]
[BlackFideId "30923689"]
[WhiteElo "2376"]
[BlackElo "2364"]
[Result "1-0"]
[Round "01"]
[TimeControl "180+2"]
[Date "2023.02.28"]
[WhiteClock "0:00:17"]
[BlackClock "0:00:05"]

1. e4 e6 2. d4 d5 3. Nc3 Bb4 4. e5 c5 5. a3 Bxc3+ 6. bxc3 Ne7 7. Qg4 Kf8 8. Nf3 Qa5 9. Bd2 Qa4 10. c4 Qxc2 11. dxc5 Nd7 12. cxd5 Nxd5 13. Rc1 Qg6 14. Qh4 f6 15. exf6 N7xf6 16. Be2 Qe4 17. Qxe4 Nxe4 18. O-O Nxd2 19. Nxd2 Ke7 20. Bf3 Bd7 21. Rfe1 Bc6 22. Nc4 Kf6 23. Rc2 Rad8 24. g3 Nb4 25. axb4 Bxf3 26. Rc3 Bd5 27. Nd6 b6 28. f4 a5 29. bxa5 bxc5 30. Nb5 c4 31. Nd4 Ra8 32. Ra1 Ra6 33. Kf2 Rha8 34. Rca3 c3 35. Ke3 e5 36. fxe5+ Kxe5 37. Nb5 c2 38. Kd2 Be4 39. Kc1 Rd8 40. Nc3 Rc6 41. a6 Rf8 42. Kb2 Rb6+ 43. Rb3 Rxb3+ 44. Kxb3 Rb8+ 45. Ka2 Rc8 46. Kb2 Rb8+ 47. Kc1 Rc8 48. Ra3 Rf8 49. Nxe4 Kxe4 50. a7 Ra8 51. Kxc2 Kd5 52. Kd3 Kc6 53. Ke4 Kb7 54. Ke5 Re8+ 55. Kf5 Ka8 56. h4 Rf8+ 57. Kg5 Rf6 58. h5 Rd6 59. g4 Re6 60. Kf5 Rd6 61. g5 Rd5+ 62. Kf4 Rd4+ 63. Ke5 Rg4 64. Kf5 Rc4 65. Re3 Rc5+ 66. Re5 Rc1 67. Re8+ Kxa7 68. Re7+ Kb6 69. Rxg7 Rf1+ 70. Ke6 Re1+ 71. Kf6 Rf1+ 72. Ke7 Rg1 73. h6 Kc6 74. Kf8 Kd6 75. Kg8 Ke6 76. Kxh7 Kf5 77. Kg8 Ra1 78. Rf7+ Kxg5 79. h7 Ra8+ 80. Rf8 Ra7 81. h8=Q Kg6 82. Qf6+ Kh5 83. Qe5+ Kg6 84. Rf6# 1-0


[Site "https://www.chess.com"]

[Event "Titled Tuesday Blitz February 28 Late 2023"]
[White "Jarocka, Liwia"]
[Black "Fiorito, Francisco"]
[WhiteFideId "21807558"]
[BlackFideId "180165"]
[WhiteElo "2013"]
[BlackElo "2341"]
[Result "0-1"]
[Round "01"]
[TimeControl "180+2"]
[Date "2023.02.28"]
[WhiteClock "0:00:08"]
[BlackClock "0:00:37"]

1. d4 Nf6 2. Nf3 g6 3. c4 Bg7 4. Nc3 d5 5. cxd5 Nxd5 6. e4 Nxc3 7. bxc3 c5 8. Bb5+ Bd7 9. Bxd7+ Nxd7 10. O-O O-O 11. Rb1 b6 12. Re1 Rc8 13. Be3 Qc7 14. e5 e6 15. Ng5 Qb7 16. Qg4 h5 17. Qh4 cxd4 18. cxd4 Rfd8 19. g4 hxg4 20. Qxg4 Qd5 21. a4 Rc2 22. Qf4 Rf8 23. Qh4 Rfc8 24. Qf4 Rf8 25. Qh4 Rfc8 26. Qf4 f6 27. exf6 Nxf6 28. Rb5 Qd7 29. d5 Nxd5 30. Qe4 R8c4 31. Qxg6 Rg4+ 32. Kh1 Nxe3 33. fxe3 Rxh2+ 34. Kxh2 Qd2+ 35. Kh3 Qg2# 0-1


[Site "https://www.chess.com"]